Map: Persephone LE

Players

jeannysu - Winner!

  • Race: Zerg Zerg
  • Spawn Location: 7:00

치터 칸 (자원)

  • Race: Zerg Zerg
  • Spawn Location: 11:00

VOD

Have the link to the VOD?

Description

Time

  • Played on: Sept. 1, 2025, 11:40 a.m.
  • Length: 19:08
Show
View Real Time Build Order
Export as new Build Order

jeannysu Zerg - Winner!

Build Orders: Hatch First, Lurkers 

Get SALT Encoding   

  12  0:00  Drone  
  13  0:12  Overlord  
  13  0:16  Drone  
  14  0:30  Drone x2  
  16  0:47  Hatchery  
  16  0:50  Drone  
  16  0:53  Drone  
  17  0:57  Drone  
  18  1:07  Extractor  
  17  1:13  Spawning Pool  
  17  1:15  Drone  
  17  1:19  Drone  
  18  1:29  Drone  
  19  1:40  Drone  
  20  1:55  Overlord  
  20  1:59  Zergling x2  
  20  2:00  Queen x2  
  25  2:02  Zergling x2  
  26  2:09  Drone  
  27  2:16  Drone  
  27  2:20  Drone  
  29  2:23  Drone  
  30  2:31  Drone  
  32  2:37  Drone  
  32  2:42  Hatchery, Metabolic Boost  
  31  2:48  Drone  
  32  2:53  Queen  
  32  2:55  Drone  
  35  2:59  Overlord  
  35  3:25  Lair  
  35  3:26  Drone x3  
  35  3:27  Drone x2  
  39  3:29  Drone x3  
  43  3:43  Zergling x2  
  43  3:44  Overlord  
  44  3:52  Baneling Nest  
  44  3:53  Drone  
  44  3:55  Drone x3, Extractor  
  46  3:57  Zergling x8  
  50  4:05  Overlord  
  50  4:06  Queen  
  50  4:08  Queen  
  54  4:13  Drone  
  55  4:19  Zergling x2  
  55  4:20  Zergling x4  
  55  4:21  Overlord x2  
  55  4:24  Drone x2  
  60  4:34  Overlord  
  60  4:36  Drone x2  
  60  4:38  Drone  
  63  4:52  Drone  
  64  4:53  Drone x3  
  64  4:55  Queen  
  64  4:56  Drone x3  
  64  4:57  Drone x2  
  74  5:06  Zergling x6  
  77  5:10  Baneling  
  77  5:11  Baneling x7  
  77  5:13  Centrifugal Hooks  
  77  5:16  Drone x2  
  77  5:17  Drone x3  
  82  5:29  Zergling x14  
  82  5:30  Zergling x2  
  90  5:44  Extractor  
  90  5:47  Overlord x3  
  89  5:51  Extractor  
  89  5:53  Zergling x4  
  89  5:54  Overlord x3  
  90  6:02  Hatchery  
  90  6:04  Overlord x3  
  89  6:05  Queen  
  91  6:12  Evolution Chamber  
  91  6:13  Hydralisk Den  
  91  6:16  Evolution Chamber  
  91  6:17  Evolution Chamber  
  87  6:20  Drone x6  
  87  6:23  Zergling x2  
  87  6:24  Zergling x10, Overlord x3, Extractor  
  98  6:25  Extractor  
  98  6:29  Zergling x2  
  98  6:39  Zergling x6  
  101  6:41  Pneumatized Carapace  
  101  6:49  Queen  
  101  6:50  Queen  
  101  6:52  Zerg Melee Weapons Level 1, Zerg Missile Weapons Level 1  
  101  6:53  Zerg Ground Armor Level 1  
  105  6:55  Muscular Augments  
  105  7:07  Hydralisk x4  
  113  7:08  Zergling x2  
  113  7:09  Zergling x12  
  113  7:13  Drone  
  113  7:14  Drone  
  122  7:16  Drone  
  122  7:17  Queen  
  125  7:25  Queen  
  125  7:28  Drone x2  
  125  7:29  Drone x4  
  133  7:32  Drone  
  133  7:33  Drone x3  
  137  7:41  Zergling x2  
  137  7:42  Zergling x6  
  137  7:44  Baneling x7  
  141  7:45  Hydralisk  
  143  7:57  Drone x2  
  145  8:15  Drone  
  146  8:20  Hydralisk, Zergling x2  
  146  8:21  Hydralisk x4  
  146  8:22  Hydralisk x5  
  167  8:30  Infestation Pit  
  166  8:34  Zergling x2  
  166  8:35  Zergling x24  
  166  8:39  Drone  
  180  8:46  Hydralisk, Grooved Spines  
  180  8:47  Hydralisk x2  
  186  8:54  Queen  
  188  8:57  Hydralisk x2  
  188  8:59  Overlord x6  
  192  9:05  Extractor  
  192  9:08  Extractor  
  190  9:20  Hydralisk x5  
  190  9:23  Zerg Melee Weapons Level 2  
  200  9:37  Baneling x2  
  200  9:38  Baneling x6  
  200  10:07  Zerg Ground Armor Level 2, Zerg Missile Weapons Level 2  
  200  10:11  Hive  
  200  10:15  Lurker Den  
  199  10:33  Zergling x2  
  193  10:45  Zergling x4  
  193  10:46  Zergling x14  
  200  10:50  Baneling x4  
  200  10:57  Baneling x3  
  200  10:58  Baneling x5  
  170  11:34  Zergling x2  
  170  11:35  Zergling x44  
  160  11:52  Zergling x2, Zerg Melee Weapons Level 3  
  160  11:53  Zergling x12  
  165  12:03  Zergling x8  
  165  12:06  Lurker x3  
  165  12:07  Hydralisk x3  
  178  12:12  Adrenal Glands  
  178  12:16  Hydralisk  
  178  12:20  Zergling x10  
  185  12:40  Hatchery  
  184  12:44  Hatchery  
  179  12:54  Unknown  
  179  12:55  Hydralisk x5  
  179  12:56  Hydralisk x10  
  196  13:05  Spire x2  
  192  13:15  Zerg Missile Weapons Level 3, Zerg Ground Armor Level 3  
  192  13:16  Zergling x2  
  192  13:17  Zergling x12  
  162  13:57  Hydralisk  
  162  13:58  Hydralisk x14  
  181  14:08  Overseer  
  174  14:10  Hydralisk  
  174  14:11  Hydralisk  
  174  14:12  Zergling x14  
  174  14:13  Zergling x14  
  174  14:16  Lurker x4  
  196  14:17  Lurker  
  196  14:18  Drone x2  
  199  14:30  Zerg Flyer Armor Level 1, Zerg Flyer Weapons Level 1  
  199  14:32  Seismic Spines  
  199  14:38  Overseer x4, Overlord  
  199  14:39  Overlord x3  
  199  14:49  Baneling  
  199  14:50  Baneling x8  
  175  15:16  Hydralisk  
  175  15:17  Zergling x2  
  175  15:18  Zergling x42  
  175  15:19  Zergling x4  
  189  15:24  Overseer x5  
  180  15:29  Adaptive Talons  
  180  15:31  Zergling x18  
  180  15:32  Zergling x8  
  180  15:56  Hydralisk x3  
  180  15:57  Hydralisk x7  
  191  16:05  Drone x3  
  191  16:06  Overseer x5  
  184  16:13  Hydralisk x8  
  184  16:16  Zergling x10  
  184  16:17  Zergling x2  
  189  16:31  Overseer x5  
  186  16:37  Zergling x14  
  186  16:38  Zergling x14  
  184  17:00  Zergling x2  
  184  17:01  Zergling x42  
  199  17:08  Extractor  
  199  17:10  Overseer x5  
  199  17:11  Extractor  
  197  17:18  Zergling x2  
  197  17:19  Zergling x4  
  195  17:33  Zergling x8  
  195  17:34  Zergling x2  
  199  17:42  Overseer x5  
  188  18:10  Overseer x5  
  186  18:16  Zergling x2  
  186  18:17  Zergling x18  
Show
View Real Time Build Order
Export as new Build Order

치터 칸 (자원) Zerg 

Build Orders: Hatch First, Swarm Host 

Get SALT Encoding   

  12  0:00  Drone  
  13  0:12  Overlord  
  13  0:16  Drone  
  14  0:30  Drone x2  
  14  0:34  Drone  
  17  0:53  Hatchery  
  17  0:54  Drone  
  17  1:08  Spawning Pool  
  16  1:11  Drone  
  16  1:14  Extractor  
  16  1:16  Drone  
  17  1:19  Drone  
  18  1:27  Drone  
  19  1:38  Overlord  
  19  1:49  Drone  
  20  1:57  Queen  
  20  1:59  Zergling x2  
  23  2:04  Queen  
  23  2:05  Drone  
  26  2:10  Drone  
  27  2:20  Drone  
  27  2:21  Drone, Extractor  
  28  2:26  Drone  
  29  2:33  Roach Warren  
  29  2:34  Drone  
  29  2:37  Drone  
  29  2:42  Zergling x2  
  31  2:47  Zergling x2  
  32  2:53  Overlord  
  33  2:58  Drone  
  33  3:04  Drone  
  36  3:13  Roach  
  36  3:15  Roach x3  
  36  3:19  Lair  
  42  3:24  Overlord  
  42  3:29  Overlord  
  42  3:32  Zergling x2  
  43  3:34  Zergling x2  
  44  3:42  Zergling x2, Drone x2  
  44  3:44  Drone  
  44  3:46  Drone  
  49  3:49  Drone  
  49  3:54  Overlord  
  50  3:58  Roach  
  54  4:02  Roach  
  54  4:05  Roach  
  54  4:08  Roach  
  58  4:10  Overlord  
  58  4:16  Drone  
  59  4:17  Drone  
  59  4:20  Drone, Hydralisk Den  
  59  4:22  Roach  
  62  4:25  Roach  
  62  4:28  Overlord  
  64  4:48  Hydralisk  
  64  4:49  Hydralisk x3  
  64  4:51  Hydralisk x3  
  78  4:53  Hydralisk  
  78  4:57  Overlord  
  80  5:00  Hydralisk  
  80  5:02  Drone  
  80  5:04  Drone  
  84  5:14  Drone, Extractor  
  84  5:15  Drone, Overlord  
  84  5:16  Drone x2  
  84  5:18  Drone  
  84  5:20  Infestation Pit  
  87  5:23  Drone  
  87  5:25  Drone  
  87  5:26  Drone  
  90  5:33  Drone  
  90  5:34  Overlord  
  91  5:37  Drone  
  91  5:42  Drone x2  
  94  5:43  Drone, Extractor  
  94  5:46  Drone  
  94  5:48  Drone  
  96  5:50  Baneling Nest  
  96  5:51  Drone  
  96  5:52  Metabolic Boost  
  96  5:53  Overlord  
  96  5:57  Hatchery  
  96  5:59  Infestor  
  96  6:01  Drone  
  98  6:07  Drone  
  98  6:08  Drone  
  100  6:12  Drone  
  100  6:14  Overlord, Infestor  
  100  6:18  Evolution Chamber  
  102  6:19  Drone  
  103  6:26  Evolution Chamber  
  103  6:27  Drone  
  103  6:29  Evolution Chamber  
  103  6:30  Drone  
  103  6:33  Baneling x2  
  103  6:34  Baneling x4  
  103  6:35  Baneling  
  103  6:36  Baneling  
  103  6:38  Zergling x2, Baneling  
  104  6:42  Zergling x2, Baneling x2  
  104  6:44  Baneling  
  104  6:45  Zerg Melee Weapons Level 1  
  105  6:52  Zerg Missile Weapons Level 1  
  105  6:53  Centrifugal Hooks  
  105  7:01  Spine Crawler  
  105  7:04  Spine Crawler  
  105  7:06  Zerg Ground Armor Level 1  
  103  7:09  Drone x3, Queen  
  103  7:10  Drone x3  
  103  7:11  Drone x4, Overlord  
  103  7:12  Drone  
  116  7:16  Overseer  
  116  7:17  Drone x2  
  116  7:18  Drone  
  116  7:19  Drone, Extractor  
  116  7:20  Drone  
  120  7:23  Drone  
  120  7:25  Drone  
  120  7:26  Spire  
  120  7:29  Drone  
  122  7:32  Overlord  
  122  7:33  Drone  
  122  7:34  Drone  
  122  7:35  Drone  
  125  7:40  Drone  
  125  7:42  Drone  
  127  7:44  Ravager  
  127  7:45  Drone  
  127  7:46  Ravager  
  127  7:48  Extractor  
  127  7:49  Drone x2  
  127  7:50  Roach  
  133  7:51  Overlord  
  133  7:52  Hatchery  
  133  7:55  Glial Reconstitution  
  132  8:03  Spore Crawler  
  132  8:04  Drone, Spore Crawler  
  132  8:05  Drone  
  132  8:06  Spore Crawler  
  132  8:07  Drone  
  132  8:08  Roach  
  132  8:09  Pneumatized Carapace  
  132  8:11  Drone x2, Overlord  
  136  8:13  Drone  
  136  8:15  Infestor  
  139  8:23  Spine Crawler  
  138  8:30  Queen  
  138  8:31  Infestor  
  138  8:32  Overlord  
  142  8:38  Mutalisk x3  
  142  8:39  Mutalisk x2  
  152  8:43  Mutalisk  
  152  8:46  Hydralisk  
  152  8:47  Hydralisk  
  158  8:50  Hydralisk, Overlord  
  158  8:53  Hydralisk  
  162  8:58  Overseer  
  162  9:00  Spine Crawler  
  162  9:01  Overseer  
  162  9:02  Hydralisk  
  161  9:05  Drone x2, Hydralisk  
  161  9:09  Overlord  
  167  9:10  Extractor  
  167  9:11  Drone, Hydralisk x2  
  167  9:13  Hydralisk  
  167  9:14  Drone, Extractor  
  173  9:18  Mutalisk  
  173  9:19  Spine Crawler  
  173  9:20  Drone  
  173  9:21  Hydralisk  
  173  9:23  Hydralisk  
  179  9:24  Spine Crawler  
  179  9:25  Drone  
  179  9:26  Spine Crawler  
  179  9:27  Overlord  
  179  9:28  Drone  
  179  9:31  Zerg Missile Weapons Level 2  
  179  9:41  Zerg Ground Armor Level 2  
  179  9:42  Zergling x4, Baneling x3  
  179  9:43  Baneling  
  179  9:45  Zergling x4  
  183  9:46  Zergling x2, Hatchery  
  183  9:47  Zergling x2, Drone  
  183  9:49  Zerg Melee Weapons Level 2  
  183  9:51  Zergling x2  
  183  9:52  Zergling x2  
  187  9:54  Roach  
  189  10:03  Spore Crawler  
  189  10:04  Drone  
  189  10:07  Spore Crawler  
  189  10:08  Drone  
  189  10:09  Mutalisk, Spore Crawler  
  189  10:10  Drone  
  189  10:11  Spine Crawler  
  189  10:12  Drone  
  189  10:13  Mutalisk  
  193  10:17  Mutalisk  
  193  10:19  Spine Crawler  
  193  10:21  Drone  
  195  10:22  Spore Crawler  
  195  10:24  Drone  
  195  10:26  Drone, Spine Crawler, Hive  
  195  10:29  Spore Crawler  
  195  10:30  Drone  
  195  10:42  Drone x2  
  193  10:44  Drone  
  193  10:48  Roach  
  195  11:11  Extractor, Queen  
  195  11:12  Hatchery  
  195  11:13  Drone  
  195  11:14  Spine Crawler  
  195  11:15  Drone  
  195  11:16  Drone, Extractor  
  195  11:18  Drone, Spine Crawler  
  195  11:21  Drone, Spine Crawler  
  195  11:24  Drone, Spine Crawler  
  196  11:26  Drone x3, Spine Crawler  
  196  11:27  Drone x2  
  196  11:28  Queen  
  196  11:29  Drone x3, Roach  
  196  11:30  Drone x2, Spine Crawler, Roach  
  196  11:31  Drone x3  
  196  11:32  Drone x3, Mutalisk x2  
  184  11:33  Drone x2, Roach  
  184  11:34  Drone x2, Mutalisk, Spine Crawler, Roach  
  184  11:35  Drone, Lurker Den  
  184  11:37  Mutalisk  
  184  11:38  Infestor, Spore Crawler  
  184  11:39  Roach  
  183  11:40  Drone  
  183  11:41  Spine Crawler  
  183  11:44  Hydralisk x2  
  183  11:45  Zergling x2, Drone, Mutalisk  
  180  11:47  Drone  
  180  11:49  Viper  
  180  11:53  Hatchery  
  183  11:56  Drone  
  184  12:08  Spore Crawler  
  183  12:10  Drone  
  183  12:11  Spore Crawler  
  183  12:12  Drone, Swarm Host x2  
  183  12:13  Swarm Host x2  
  183  12:14  Drone, Spore Crawler  
  196  12:21  Swarm Host  
  196  12:22  Extractor  
  198  12:28  Ravager  
  199  12:30  Zerg Melee Weapons Level 3  
  199  12:31  Zerg Missile Weapons Level 3, Zerg Ground Armor Level 3  
  199  12:32  Drone, Neural Parasite, Spore Crawler  
  199  12:34  Lurker, Zerg Flyer Weapons Level 1  
  200  12:42  Drone, Spine Crawler  
  200  12:53  Drone  
  200  12:54  Zergling x2, Hydralisk x2, Extractor, Drone  
  200  12:55  Swarm Host x2  
  200  12:57  Hydralisk, Swarm Host  
  200  12:58  Zergling x2, Infestor  
  200  12:59  Hydralisk x2, Infestor  
  200  13:00  Viper, Roach x2, Swarm Host  
  200  13:01  Swarm Host  
  200  13:03  Roach  
  200  13:05  Queen  
  198  13:08  Spore Crawler  
  198  13:09  Drone  
  198  13:12  Spore Crawler  
  199  13:13  Drone  
  199  13:15  Spore Crawler  
  199  13:16  Drone x2, Hatchery  
  199  13:18  Spine Crawler  
  200  13:20  Drone, Spine Crawler, Baneling  
  200  13:21  Zergling x2, Baneling x2  
  200  13:22  Spine Crawler, Baneling  
  200  13:23  Drone  
  200  13:30  Drone, Zergling x2  
  200  13:31  Hydralisk  
  200  13:32  Drone x2  
  200  13:33  Drone x2  
  200  13:34  Drone  
  200  13:35  Drone  
  200  13:37  Spore Crawler  
  200  13:38  Drone  
  200  13:40  Drone x2  
  200  13:41  Drone x2  
  200  13:42  Drone x2  
  200  13:43  Roach, Spore Crawler  
  200  13:44  Drone  
  200  13:45  Drone x2  
  200  13:46  Drone x2, Roach  
  200  13:47  Drone, Hydralisk, Roach  
  198  13:48  Zergling x2  
  198  13:49  Hydralisk x2  
  198  13:50  Spore Crawler  
  198  13:51  Hydralisk  
  160  14:00  Roach  
  160  14:02  Roach  
  129  14:03  Drone  
  129  14:04  Drone  
  129  14:06  Hydralisk, Roach  
  129  14:07  Baneling x2  
  120  14:10  Zergling x2, Drone  
  120  14:12  Drone  
  120  14:13  Drone  
  120  14:14  Baneling  
  120  14:15  Zergling x2, Drone, Baneling  
  120  14:16  Drone  
  126  14:19  Hydralisk  
  126  14:20  Hydralisk, Hatchery  
  126  14:22  Drone  
  130  14:24  Hydralisk  
  130  14:25  Hydralisk  
  130  14:27  Hydralisk  
  130  14:29  Hydralisk  
  138  14:31  Baneling  
  138  14:32  Zergling x2  
  138  14:33  Hydralisk, Baneling  
  138  14:34  Hydralisk  
  138  14:37  Roach  
  138  14:38  Baneling x2, Roach  
  147  14:39  Zergling x2  
  147  14:40  Roach  
  147  14:42  Roach  
  147  14:43  Roach  
  147  14:44  Hydralisk, Roach  
  158  14:46  Hydralisk  
  158  14:47  Hydralisk  
  158  14:48  Overseer  
  158  14:49  Overseer  
  158  14:51  Hydralisk  
  164  14:52  Hydralisk  
  164  14:54  Overlord  
  164  14:55  Hydralisk  
  164  14:57  Hydralisk  
  164  14:58  Infestor  
  164  14:59  Infestor  
  174  15:01  Swarm Host  
  174  15:05  Roach  
  174  15:06  Roach x2, Spore Crawler  
  182  15:07  Roach  
  182  15:08  Drone  
  182  15:09  Spore Crawler  
  182  15:10  Drone  
  182  15:11  Swarm Host  
  182  15:13  Zergling x2  
  184  15:15  Burrow, Overlord  
  184  15:16  Zergling x2, Swarm Host  
  184  15:18  Overseer  
  184  15:19  Hydralisk  
  173  15:21  Roach  
  173  15:22  Hydralisk, Roach  
  173  15:24  Roach  
  173  15:25  Roach  
  173  15:27  Hydralisk, Roach  
  158  15:28  Roach  
  158  15:30  Roach  
  158  15:31  Roach  
  158  15:32  Hydralisk  
  158  15:33  Hydralisk  
  158  15:34  Hydralisk  
  160  15:36  Hydralisk  
  160  15:37  Hydralisk  
  160  15:40  Drone, Hydralisk  
  160  15:41  Zergling x2  
  160  15:42  Hydralisk  
  163  15:45  Zergling x2  
  163  15:46  Hydralisk  
  163  15:47  Drone  
  146  15:50  Hydralisk, Roach  
  146  15:51  Drone  
  146  15:53  Drone  
  146  15:54  Drone  
  146  15:55  Drone x2  
  146  15:56  Drone  
  138  15:57  Drone  
  138  16:01  Drone  
  131  16:04  Zergling x2, Drone  
  131  16:05  Drone  
  131  16:06  Drone  
  131  16:07  Zergling x2  
  131  16:09  Drone x2  
  131  16:10  Drone  
  128  16:11  Drone  
  128  16:13  Roach  
  128  16:14  Drone  
  128  16:15  Drone x2  
  128  16:16  Drone  
  128  16:18  Overseer, Roach  
  113  16:20  Roach  
  113  16:23  Swarm Host  
  113  16:25  Roach  
  107  16:26  Drone  
  107  16:28  Drone, Roach  
  107  16:29  Zergling x2, Drone  
  107  16:31  Zergling x2  
  107  16:32  Drone  
  95  16:33  Drone x2  
  95  16:34  Drone  
  95  16:35  Drone  
  95  16:36  Drone  
  95  16:37  Drone  
  95  16:38  Drone x2  
  95  16:39  Drone x3  
  101  16:41  Roach  
  101  16:42  Drone  
  101  16:43  Drone  
  101  16:44  Drone  
  101  16:45  Drone x2  
  101  16:48  Roach  
  101  16:49  Overseer  
  101  16:50  Drone x2  
  101  16:51  Swarm Host  
  107  16:55  Roach  
  107  16:56  Zergling x2  
  107  16:57  Roach  
  107  16:58  Drone, Roach  
  107  16:59  Zergling x2  
  107  17:00  Drone  
  102  17:01  Drone  
  102  17:02  Drone  
  102  17:04  Roach  
  102  17:05  Drone  
  102  17:06  Drone  
  102  17:07  Drone  
  102  17:08  Swarm Host  
  103  17:10  Drone  
  103  17:11  Drone  
  103  17:12  Drone  
  100  17:17  Drone x5, Overseer  
  100  17:18  Drone  
  100  17:21  Drone, Queen  
  100  17:22  Zergling x2, Drone  
  93  17:24  Drone, Swarm Host  
  93  17:26  Drone  
  93  17:27  Roach  
  93  17:29  Hydralisk  
  90  17:30  Drone  
  90  17:31  Hydralisk  
  90  17:32  Zergling x2  
  90  17:34  Drone  
  90  17:35  Roach  
  82  17:37  Roach  
  82  17:38  Roach  
  82  17:40  Hydralisk  
  82  17:42  Drone, Hydralisk  
  85  17:44  Drone  
  85  17:45  Drone x2  
  85  17:47  Drone x2  
  85  17:49  Overseer  
  85  17:51  Drone  
  67  17:52  Drone x3  
  67  17:55  Drone x2  
  60  17:59  Zergling x2, Drone  
  44  18:07  Zergling x2  
  33  18:25  Drone  
  33  18:26  Drone  
  33  18:27  Drone x3  
  14  18:45  Hatchery  
Tags
 
Matchup
ZvZ
Race
Zerg
Replay Pack
새 폴더
Spawn Locations
Close Positions
Add a new tag
Caveats
  • Supply blocks, unpowered buildings, or Contaminate may cause inaccurate times.
  • Supply counts are checked every 10 seconds.